 Dungeon Crawl Stone Soup version 0.31-a0-507-gbafd7f5274 (webtiles) character file.

Game seed: 14637981505334265198

18885 Unforgiven the Grappler (level 12, -5/114 HPs)
             Began as a Troll Fighter on Aug 9, 2023.
             Was an Initiate of Gozag.
             Slain by a komodo dragon (18 damage)
             ... on level 1 of the Lair of Beasts.
             The game lasted 00:18:00 (10227 turns).

Unforgiven the Grappler (Troll Fighter)            Turns: 10227, Time: 00:18:00

Health: -5/114     AC:  8    Str: 27    XL:     12   Next: 31%
Magic:  11/11      EV: 12    Int:  4    God:    Gozag
Gold:   1796       SH: 15    Dex: 13    Spells: 11/11 levels left

rFire   . .          .
                       - Unarmed
rCold   . . .        b - +4 kite shield
rNeg    . . .        D - +2 robe {Will+}
rPois   .            j - +1 hat
rElec   .            x - +0 cloak
rCorr   .            (gloves unavailable)
SInv    +            (boots unavailable)
Will    +....        u - amulet of the acrobat
Stlth   +            r - ring of see invisible
HPRegen 1.19/turn    z - +4 ring of slaying
MPRegen 0.12/turn

%: acrobat
@: studying Stealth
A: large, unfitting armour, claws 3, regeneration 1, shaggy fur 1, tough skin 1
a: Renounce Religion, Potion Petition, Call Merchant, Bribe Branch


You were on level 1 of the Lair of Beasts.
You worshipped Gozag.
Gozag was most pleased with you.
You visited 4 branches of the dungeon, and saw 14 of its levels.
You also visited: Bailey.

You collected 1925 gold pieces.
You paid 129 gold pieces to Gozag.

Inventory:

Hand Weapons
 c - the +5 hand axe "Agyzyajo" {heavy, rElec rC- rN++ rCorr}
   (You found it on level 10 of the Dungeon)

   rC-:       It makes you vulnerable to cold.
   rElec:     It insulates you from electricity.
   rN++:      It greatly protects you from negative energy.
   rCorr:     It protects you from acid and corrosion.
 G - a +3 vampiric halberd
Missiles
 a - 3 throwing nets
Armour
 b - a +4 kite shield (worn)
 j - a +1 hat (worn)
 x - a +0 cloak (worn)
 D - a +2 robe of willpower (worn)
Jewellery
 p - a ring of willpower
 r - a ring of see invisible (left claw)
 t - a ring of fire
 u - an amulet of the acrobat (around neck)
 z - a +4 ring of slaying (right claw)
 E - a ring of protection from fire
Talismans
 I - a blade talisman
Wands
 d - a wand of charming (3)
 n - a wand of polymorph (20)
 q - a wand of iceblast (15)
 A - a wand of light (5)
Scrolls
 e - 2 scrolls of identify
 f - a scroll of fog
 g - 5 scrolls of teleportation
 k - 3 scrolls of fear
 y - a scroll of immolation
 C - 3 scrolls of blinking
 H - a scroll of revelation
Potions
 h - 4 potions of curing
 i - a potion of berserk rage {unknown}
 m - 3 potions of mutation
 o - 3 potions of brilliance
 s - 3 potions of cancellation
 F - a potion of magic {unknown}


   Skills:
 * Level 6.1 Fighting
 * Level 3.5 Polearms
 * Level 7.7 Dodging
 * Level 9.2 Shields
 * Level 13.5 Unarmed Combat
 * Level 2.9 Shapeshifting


You had 11 spell levels left.
You didn't know any spells.
Your spell library contained the following spells:

 Spells                   Type           Power      Damage    Failure   Level
 Magic Dart               Conj           0%         1d3       67%         1
 Call Imp                 Summ           0%         N/A       82%         2
 Dazzling Flash           Conj/Hex       0%         N/A       96%         3
 Mephitic Cloud           Conj/Pois/Air  0%         N/A       96%         3
 Summon Guardian Golem    Hex/Summ       0%         N/A       96%         3
 Agony                    Necr           0%         N/A       100%        5
 Silence                  Hex/Air        0%         N/A       100%        5
 Orb of Destruction       Conj           0%         9d5       100%        7
 Spellforged Servitor     Conj/Summ      0%         N/A       100%        7


Dungeon Overview and Level Annotations

Branches:
Dungeon (11/15)            Temple (1/1) D:7            Lair (1/5) D:10
    Orc (1/2) D:11         Bailey (visited)

Altars:
Ashenzari
Cheibriados
Dithmenos
Elyvilon
Fedhas
Gozag
Hepliaklqana
Kikubaaqudgha
Makhleb
Nemelex Xobeh
Okawaru
Qazlal
Ru
Sif Muna
Trog
Uskayaw
Vehumet
Wu Jian
Xom
Yredelemnul
Zin
The Shining One

Shops:
D:6 =   D:9 :


Innate Abilities, Weirdness & Mutations

You are too large for most types of armour.
You have claws for hands.
Your natural rate of healing is unusually fast.
You are covered in fur. (AC +1)
You have tough skin. (AC +1)


Message History

You are too injured to fight recklessly!
You are too injured to fight recklessly!
You are too injured to fight recklessly!
You are too injured to fight recklessly!
You are too injured to fight recklessly!
You are too injured to fight recklessly!
You are too injured to fight recklessly!
You are too injured to fight recklessly!
You are too injured to fight recklessly!
You are too injured to fight recklessly!
You closely miss the blink frog. You block the blink frog's attack.
You mangle the blink frog!!
The blink frog is almost dead.
The blink frog blinks!
You block the blink frog's attack.
You miss the blink frog.
The blink frog is almost dead.
You block the blink frog's attack.
You miss the blink frog.
The blink frog is almost dead.
The blink frog blinks!
You block the komodo dragon's attack.
You completely miss the blink frog.
The blink frog is lightly wounded.
You block the blink frog's attack. The komodo dragon misses you.
The komodo dragon barely misses you. The blink frog barely misses you.
You closely miss the blink frog.
The blink frog is lightly wounded.
The blink frog blinks!
You block the komodo dragon's attack. The komodo dragon bites you!
* * * LOW HITPOINT WARNING * * *
The blink frog hits you!
* * * LOW HITPOINT WARNING * * *
The blink frog blinks! x2
You feel better.
The blink frog blinks!
You block the komodo dragon's attack. The komodo dragon bites you!!
* * * LOW HITPOINT WARNING * * *
You claw the komodo dragon!
The komodo dragon is moderately wounded.
The blink frog blinks!
The komodo dragon bites you!!
You die...
Your body crumbles into a pile of gold.

####################
.....................
........... $........
.......F.. ...F.....
##....##§.####......#.
........$..F..........
........$............
...........§§ll......
####....#####@##.#.#
##...P# ###
###.#.<.###.###
................
........FF......
................
###..>#####.#### #....
## #####


You could see 2 komodo dragons and 3 blink frogs.

Vanquished Creatures
  Gastronok (D:11)
  Harold (Orc:1)
  2 boulder beetles (D:11)
  5 death yaks (D:10)
  Nergalle (D:11)
  Amaemon (D:11)
  2 ugly things
  A cyclops (D:9)
  Joseph (D:10)
  An orange demon (D:11)
  2 gargoyles
  A komodo dragon (Lair:1)
  An unseen horror (D:11)
  2 kobold demonologists
  A merfolk (D:10)
  2 hornets
  2 trolls (Orc:1)
  A vampire (Bailey)
  2 shadows
  3 wyverns
  A basilisk (Lair:1)
  A wraith (D:11)
  2 yaks (D:10)
  A human (D:10)
  2 vampire mosquitoes (D:10)
  A steam dragon (D:8)
  2 wargs (Orc:1)
  An acid dragon (D:8)
  3 water moccasins
  5 orc warriors
  An ice beast (D:6)
  2 black bears
  2 sky beasts
  2 ogres
  3 centaurs
  2 phantoms
  5 kobold brigands
  4 bullfrogs
  A necrophage (D:10)
  A gnoll sergeant (D:9)
  4 scorpions
  9 wights
  9 killer bees
  7 vampire bats (Bailey)
  4 wolf zombies (Bailey)
  5 howler monkeys
  2 hounds (D:5)
  3 jellies
  5 orc priests
  2 gnoll boudas
  3 iguanas
  11 orc wizards
  15 gnolls
  7 adders
  A shadow imp (D:5)
  An ufetubus (D:6)
  3 worms
  4 dart slugs
  50 orcs
  6 ball pythons
  11 bats
  7 endoplasms
  3 giant cockroaches
  7 goblins
  5 hobgoblins
  3 jackals
  5 quokkas
  2 frilled lizards
  14 kobolds
  17 orc zombies (Bailey)
  5 rats
305 creatures vanquished.

Vanquished Creatures (others)
  2 orcs (D:5)
2 creatures vanquished.

Grand Total: 307 creatures vanquished

Notes
Turn   | Place    | Note
-------+----------+-------------------------------------------
     0 | D:1      | Unforgiven the Troll Fighter began the quest for the Orb.
     0 | D:1      | Reached XP level 1. HP: 22/22 MP: 0/0
   173 | D:1      | Reached XP level 2. HP: 29/29 MP: 1/1
   656 | D:1      | Reached XP level 3. HP: 36/36 MP: 2/2
  1384 | D:2      | Found a faded altar of an unknown god.
  1403 | D:2      | Prayed at the altar of an unknown god.
  1403 | D:2      | Became a worshipper of Elyvilon the Healer
  1403 | D:2      | Reached * piety under Elyvilon
  1643 | D:3      | Reached XP level 4. HP: 41/44 MP: 3/3
  1663 | D:3      | Reached skill level 3 in Unarmed Combat
  1717 | D:3      | Reached XP level 5. HP: 38/52 MP: 4/4
  1986 | D:3      | Reached ** piety under Elyvilon
  2422 | D:4      | Reached skill level 4 in Unarmed Combat
  2422 | D:4      | Reached XP level 6. HP: 61/61 MP: 5/5
  2691 | D:4      | Noticed a water moccasin
  2696 | D:4      | Killed a water moccasin
  2697 | D:4      | Reached skill level 5 in Unarmed Combat
  2754 | D:4      | Reached XP level 7. HP: 49/67 MP: 6/6
  3140 | D:5      | Entered Level 5 of the Dungeon
  3188 | D:5      | Reached skill level 6 in Unarmed Combat
  3228 | D:5      | Reached XP level 8. HP: 60/78 MP: 7/7
  3257 | D:5      | Reached *** piety under Elyvilon
  3798 | D:6      | Reached skill level 7 in Unarmed Combat
  3803 | D:6      | Reached skill level 5 in Shields
  3972 | D:6      | Reached skill level 8 in Unarmed Combat
  4216 | D:6      | Reached **** piety under Elyvilon
  4222 | D:6      | Reached XP level 9. HP: 38/84 MP: 8/8
  4374 | D:6      | Found Masches's One-of-a-Kind Rings.
  4478 | D:7      | Found a staircase to the Ecumenical Temple.
  4492 | Temple   | Entered the Ecumenical Temple
  4504 | Temple   | Fell from the grace of Elyvilon
  4504 | Temple   | Became a worshipper of Gozag Ym Sagoz the Greedy
  4611 | D:7      | Reached skill level 5 in Dodging
  4686 | D:7      | Reached skill level 9 in Unarmed Combat
  5335 | D:8      | Reached skill level 10 in Unarmed Combat
  5400 | D:8      | Found a flagged portal.
  5518 | Bailey   | Entered a bailey
  5555 | Bailey   | Noticed a gargoyle
  5563 | Bailey   | Killed a gargoyle
  5564 | Bailey   | Reached XP level 10. HP: 75/94 MP: 9/9
  6293 | D:9      | Noticed a cyclops
  6302 | D:9      | Killed a cyclops
  6303 | D:9      | Reached skill level 5 in Fighting
  6439 | D:9      | Noticed a gargoyle
  6444 | D:9      | Reached skill level 11 in Unarmed Combat
  6468 | D:9      | Killed a gargoyle
  6469 | D:9      | Reached skill level 1 in Polearms
  7249 | D:9      | Found Zuhil's Book Emporium.
  7685 | D:10     | Entered Level 10 of the Dungeon
  7685 | D:10     | Found a bloodstained altar of Trog.
  7726 | D:10     | Noticed a purple ugly thing
  7736 | D:10     | Killed a purple ugly thing
  7907 | D:10     | Noticed Joseph
  7939 | D:10     | Reached XP level 11. HP: 86/104 MP: 10/10
  7951 | D:10     | Killed Joseph
  7953 | D:10     | Reached skill level 1 in Shapeshifting
  8017 | D:10     | You fall into a shaft and drop 1 floor!
  8035 | D:11     | Noticed a boulder beetle
  8036 | D:11     | Noticed Nergalle
  8060 | D:11     | Killed Nergalle
  8076 | D:11     | Killed a boulder beetle
  8077 | D:11     | Reached skill level 12 in Unarmed Combat
  8187 | D:10     | Noticed a death yak
  8188 | D:10     | Noticed a death yak
  8188 | D:10     | Noticed a death yak
  8189 | D:10     | Noticed a death yak
  8189 | D:10     | Noticed a death yak
  8190 | D:10     | Found a staircase to the Lair.
  8228 | D:10     | Killed a death yak
  8232 | D:10     | Killed a death yak
  8237 | D:10     | Killed a death yak
  8242 | D:10     | Killed a death yak
  8250 | D:10     | HP: 4/105 [death yak (10)]
  8253 | D:10     | Killed a death yak
  8265 | D:10     | Identified the +5 hand axe "Agyzyajo" {heavy, rElec rC-
                  | rN++ rCorr}
  8816 | D:11     | Found a staircase to the Orcish Mines.
  8862 | D:11     | Noticed Gastronok
  8869 | D:11     | Killed Gastronok
  8870 | D:11     | Reached skill level 13 in Unarmed Combat
  8892 | D:11     | Found an ornate altar of the Wu Jian Council.
  8894 | D:11     | Noticed Amaemon
  8926 | D:11     | Killed Amaemon
  9024 | D:11     | Noticed a boulder beetle
  9045 | D:11     | Killed a boulder beetle
  9046 | D:11     | Reached XP level 12. HP: 64/113 MP: 11/11
  9957 | Orc:1    | Entered Level 1 of the Orcish Mines
  9957 | Orc:1    | Noticed Harold
  9966 | Orc:1    | Killed Harold
 10187 | Lair:1   | Entered Level 1 of the Lair of Beasts
 10227 | Lair:1   | Slain by a komodo dragon

Illustrated notes

Levels and vault maps discovered:
D:1:      co_arrival_random_square_maze, layout_basic, st_stairs_2
D:2:      layout_loops_cross, basic_ecumenical_altar, minmay_increasing_density
D:3:      layout_loops_cross
D:4:      layout_basic
D:5:      layout_loops_ring, minmay_manual_mail
D:6:      layout_rooms, nicolae_shop_unique_rings, minmay_misc_feat_cross,
          minmay_fractal_squares_5
D:7:      layout_basic, minmay_temple_entry_grid
D:8:      layout_gridville, enter_bailey_1
D:9:      layout_layer_cave, serial_shops, nicolae_shop_tiny_glass
D:10:     layout_long_grid, overflow_temple_1_default, dpeg_lair_monsters,
          minmay_misc_feat_square, hangedman_stone_soup, evilmike_butchery,
          uniq_joseph
D:11:     layout_basic, orc_0_dummy, minmay_door_square, hex_intersection,
          nicolae_kite_square_tiling_tiny, nicolae_wu_jian_wuxing_cycle,
          uniq_gastronok, uniq_nergalle, uniq_amaemon
Temple:   compressed_dpeg_triangle_lava_temple
Lair:1:   layout_long_grid, minivault_26, tgw_fedhas
Orc:1:    layout_diamond_mine, serial_shops, nicolae_shop_trees, uniq_harold

Skill      XL: |  1  2  3  4  5  6  7  8  9 10 11 12 |
---------------+-------------------------------------+-----
Shields        | 3 4 5 6 7 8 9 |  9.2
Dodging        | 3 4 5 6 7 |  7.7
Unarmed Combat | 3 4 5 6 8 10 11 13 | 13.5
Fighting       | 3 4 5 6 |  6.1
Polearms       | 1 3 |  3.5
Shapeshifting  | 2 |  2.9

Action                     |  1- 3 |  4- 6 |  7- 9 | 10-12 || total
---------------------------+-------+-------+-------+-------++-------
  Melee: Unarmed           |   138 |   145 |   333 |   429 ||  1045
    Use: Scroll            |       |       |    12 |     9 ||    21
         Potion            |       |       |       |    13 ||    13
   Stab: Sleeping          |     2 |       |       |       ||     2
         Distracted        |       |       |       |     4 ||     4
 Armour: Robe              |    64 |    30 |    57 |    50 ||   201
         Skin              |       |       |       |     5 ||     5
  Dodge: Dodged            |    48 |    68 |   101 |   186 ||   403
  Block: Kite shield       |    61 |    61 |   183 |   312 ||   617

Table legend: (Time is in decaauts)
 A = Elapsed time spent in this place.
 B = Non-inter-level travel time spent in this place.
 C = Inter-level travel time spent in this place.
 D = Time resting spent in this place.
 E = Time spent auto-exploring this place.
 F = Levels seen in this place.
 G = Mean time per level.
                   A        B        C        D        E       F      G
               +--------+--------+--------+--------+--------+-----+--------+
         Total |  10193 |   9156 |   1037 |    160 |   6972 |  15 |  679.5 |
       Dungeon |   9510 |   8502 |   1008 |    160 |   6585 |  11 |  864.5 |
        Temple |     18 |      5 |     13 |      0 |      0 |   1 |   18.0 |
          Lair |     35 |     35 |      0 |      0 |      0 |   1 |   35.0 |
  Orcish Mines |    179 |    164 |     15 |      0 |    115 |   1 |  179.0 |
        Bailey |    450 |    450 |      0 |      0 |    272 |   1 |  450.0 |
               +--------+--------+--------+--------+--------+-----+--------+

Top non-repeatable levels by time:
     D:9: 1445 daAuts
    D:11: 1125 daAuts
    D:10: 957 daAuts
     D:1: 895 daAuts
     D:4: 877 daAuts
     D:6: 787 daAuts
     D:2: 750 daAuts
     D:5: 707 daAuts
     D:8: 677 daAuts
     D:7: 649 daAuts
     D:3: 635 daAuts
  Bailey: 450 daAuts
   Orc:1: 179 daAuts
  Lair:1: 35 daAuts
  Temple: 18 daAuts
